 Dungeon Crawl Stone Soup version 0.29-a0-284-gf9362112df (webtiles) character file.

Game seed: 14156040080004459441

62 epen the Bolt Thrower (level 4, -2/27 HPs)
             Began as a Kobold Hunter on Mar 14, 2022.
             Killed from afar by Ijyb (15 damage)
             ... with a bolt of acid
             ... on level 2 of the Dungeon.
             The game lasted 00:01:15 (1362 turns).

epen the Bolt Thrower (Kobold Hunter)               Turns: 1362, Time: 00:01:15

Health: -2/27      AC:  3    Str:  8    XL:     4   Next: 28%
Magic:  4/4        EV: 15    Int: 10    God:
Gold:   57         SH:  0    Dex: 20    Spells: 3/3 levels left

rFire   . . .      SeeInvis .   a - +1 hand crossbow
rCold   . . .      Faith    .   (no shield)
rNeg    . . .      Spirit   .   b - +0 leather armour
rPois   .          Reflect  .   (no helmet)
rElec   .          Harm     .   (no cloak)
rCorr   .          Rampage  .   (no gloves)
Will    .....                   (no boots)
Stlth   +++.......              (no amulet)
HPRegen 0.09/turn               d - +4 ring of slaying
MPRegen 0.09/turn               (no ring)

@: no status effects
A: small, no large weapons, nightstalker 3
a: no special abilities


You were on level 2 of the Dungeon.
You visited 1 branch of the dungeon, and saw 2 of its levels.

You collected 57 gold pieces.

Inventory:

Hand Weapons
 a - a +1 hand crossbow (weapon)
Armour
 b - a +0 leather armour (worn)
Jewellery
 d - a +4 ring of slaying (left hand)
 f - an amulet of reflection
Scrolls
 c - a scroll of immolation
 e - a scroll of identify
 h - 3 scrolls of teleportation {unknown}
 i - a scroll of silence {unknown}
Potions
 g - a potion of brilliance {unknown}
 j - 2 potions of might
 k - a potion of berserk rage {unknown}
 l - a potion of degeneration {unknown}
 m - 2 potions of invisibility {unknown}


   Skills:
 + Level 2.9 Fighting
 + Level 5.7 Crossbows
 + Level 1.0 Armour
 + Level 3.1 Dodging
 + Level 2.6 Stealth


You had 3 spell levels left.
You didn't know any spells.
Your spell library contained the following spells:

 Spells                   Type           Power      Damage    Failure   Level
 Call Canine Familiar     Summ           0%         N/A       85%         3
 Portal Projectile        Hex/Tloc       0%         N/A       85%         3
 Leda's Liquefaction      Hex/Erth       0%         N/A       99%         4
 Summon Mana Viper        Hex/Summ       0%         N/A       100%        5
 Summon Hydra             Summ           0%         N/A       100%        7


Dungeon Overview and Level Annotations

Branches:
Dungeon (2/15)

Altars:

Shops:
D:2 (=

Annotations:
D:2 Ijyb


Innate Abilities, Weirdness & Mutations

You are small and have problems with some larger weapons.
You are completely attuned to the shadows.


Message History

You shoot a bolt. The bolt hits the goblin.
The goblin shouts!
The goblin is severely wounded.
The goblin shouts!
You hear a shout!
A goblin comes into view. It is wielding a +0 dagger. x2
The goblin shouts!
You hear a shout! x2
You shoot a bolt. The bolt closely misses the goblin.
The goblin shouts!
You shoot a bolt. The bolt hits the goblin!
You kill the goblin!
A goblin comes into view. It is wielding a +0 dagger.
You shoot a bolt. The goblin shouts!
The bolt hits the goblin.
The goblin is moderately wounded.
The goblin hits you with a +0 club. The goblin closely misses you.
A goblin comes into view. It is wielding a +0 dagger.
The goblin barely misses you. The goblin hits you with a +0 dagger.
Ijyb the Twisted Goblin comes into view.
She is wielding a +0 club and carrying a wand of acid (11).
You shoot a bolt.
The bolt hits the goblin but does no damage.
The goblin is moderately wounded.
The goblin barely misses you. The goblin misses you.
You shoot a bolt. The bolt closely misses the goblin.
The bolt hits the goblin!
You kill the goblin!
The goblin hits you with a +0 club. The goblin hits you with a +0 dagger.
The goblin hits you but does no damage.
You shoot a bolt. The bolt hits the goblin.
You kill the goblin!
The goblin hits you with a +0 dagger. The goblin barely misses you.
The goblin hits you but does no damage. The goblin hits you with a +0 dagger.
Ijyb barely misses you. The goblin closely misses you. x2
You aren't carrying any items that you can evoke.
As you read the scroll labelled USEKKU VOIKA, it crumbles to dust.
It is a scroll of identify.
j - 2 potions of might The goblin hits you with a +0 dagger.
The goblin completely misses you. The goblin misses you.
Ijyb zaps a wand.
The bolt of acid hits you!
Ouch! That really hurt!
You die...

##.# #.∩....#
#.# ##.#
######## #.#
##.# #.# ##.#
###.# ##.#
#...### .#.#
##########
#.###<# .#.#
##........#
#.# #.# ##
...#
#.........#
#.# #.# #<
...#
#.#8.g@g.8#
#.# #.# ##
...#
#.#..gg...#
#.###.# ###
#..#
####.#8..)..8#
#.....# #..
#..#
#..).#...)..[#
####### #.#
#....#8.....8#
#.# ###....#
#.# .......#
#.# ..
###.....# #.#
............#
#.#


You could see Ijyb and 3 goblins.

Vanquished Creatures
  2 adders (D:2)
  6 endoplasms
  2 giant cockroaches (D:2)
  5 hobgoblins
  2 jackals (D:2)
  A quokka (D:1)
  2 ball pythons (D:1)
  2 bats (D:2)
  3 frilled lizards (D:1)
  10 goblins
  A kobold (D:2)
  4 rats
40 creatures vanquished.

Notes
Turn   | Place    | Note
-------+----------+-------------------------------------------
     0 | D:1      | epen the Kobold Hunter began the quest for the Orb.
     0 | D:1      | Reached XP level 1. HP: 12/12 MP: 1/1
   250 | D:1      | Reached XP level 2. HP: 15/18 MP: 2/2
   372 | D:1      | Found a faded altar of an unknown god.
   376 | D:1      | Got the Incunabulum of Summoning
   909 | D:2      | Reached XP level 3. HP: 22/22 MP: 3/3
  1097 | D:2      | Found Sezaf's Jewellery Shoppe.
  1154 | D:2      | Reached skill level 1 in Armour
  1154 | D:2      | Reached XP level 4. HP: 27/27 MP: 4/4
  1244 | D:2      | Found Kubaeham's Antique Weapon Boutique.
  1358 | D:2      | Noticed Ijyb
  1362 | D:2      | Killed from afar by Ijyb

Illustrated notes

Levels and vault maps discovered:
D:1:      dpeg_arrival_solitude, layout_loops_ring,
          ebering_ecumenical_altar_webs
D:2:      kennysheep_the_goblin_king, layout_basic, serial_shops,
          nicolae_shop_hallway_plus, shop

Skill      XL: |  1  2  3 |
---------------+----------+-----
Stealth        | 2 |  2.6
Dodging        | 3 |  3.1
Armour         | 1 |  1.0
Fighting       | |  2.9
Crossbows      | |  5.7

Action                   |  1- 3 |  4- 6 || total
-------------------------+-------+-------++-------
 Fire: Hand crossbow     |    56 |    11 ||    67
  Use: Scroll            |       |     1 ||     1
Armor: Leather armour    |     4 |     2 ||     6
Dodge: Dodged            |    10 |    10 ||    20

Table legend: (Time is in decaauts)
 A = Elapsed time spent in this place.
 B = Non-inter-level travel time spent in this place.
 C = Inter-level travel time spent in this place.
 D = Time resting spent in this place.
 E = Time spent auto-exploring this place.
 F = Levels seen in this place.
 G = Mean time per level.
                   A        B        C        D        E       F      G
               +--------+--------+--------+--------+--------+-----+--------+
         Total |   1380 |   1351 |     29 |      0 |   1189 |   2 |  690.0 |
       Dungeon |   1380 |   1351 |     29 |      0 |   1189 |   2 |  690.0 |
               +--------+--------+--------+--------+--------+-----+--------+

Top non-repeatable levels by time:
     D:1: 849 daAuts
     D:2: 531 daAuts
